 Dungeon Crawl Stone Soup version 0.31-a0-331-geda263fcf1 (webtiles) character file.

Game seed: 14754108927193119393

921 zero the Ruffian (level 7, -1/72 HPs)
             Began as a Troll Shapeshifter on July 19, 2023.
             Slain by an orc wizard
             ... wielding a +1 dagger of venom
              (2 damage)
             ... on level 4 of the Dungeon.
             The game lasted 00:03:38 (2495 turns).

zero the Ruffian (Troll Shapeshifter)               Turns: 2495, Time: 00:03:39

Health: -1/72      AC:  4    Str: 24    XL:     7   Next: 84%
Magic:  7/7        EV: 10    Int:  4    God:
Gold:   136        SH:  0    Dex: 12    Spells: 8/8 levels left

rFire   . .          .
                       - Unarmed
rCold   . . .        (no shield)
rNeg    . . .        a - +0 animal skin
rPois   .            (helmet currently unavailable)
rElec   .            (cloak currently unavailable)
rCorr   .            (gloves unavailable)
SInv    .            (boots unavailable)
Will    .....        (no amulet)
Stlth   +            (no ring)
HPRegen 1.12/turn    (no ring)
MPRegen 0.10/turn

%: no passive effects
@: lethally poisoned (-1 -> -6), beast-form
A: beast (slay +2), large, unfitting armour, claws 3, regeneration 1, shaggy fur
1, tough skin 1
a: Begin Untransformation


You were on level 4 of the Dungeon.
You were a hulking beast.
You visited 1 branch of the dungeon, and saw 4 of its levels.

You collected 136 gold pieces.

Inventory:

Armour
 a - a +0 animal skin (worn)
Jewellery
 n - a +6 ring of strength
Talismans
 c - a beast talisman
Wands
 q - a wand of paralysis (5)
Scrolls
 f - a scroll of amnesia {unknown}
 h - a scroll of poison {unknown}
 i - 2 scrolls of identify {unknown}
 j - 2 scrolls of revelation {unknown}
 k - 3 scrolls of fear {unknown}
 o - a scroll of summoning {unknown}
 p - a scroll of enchant armour {unknown}
Potions
 d - a potion of attraction {unknown}
 e - a potion of mutation {unknown}
 g - 4 potions of curing {unknown}
 l - 2 potions of heal wounds {unknown}
 m - a potion of invisibility {unknown}


   Skills:
 - Level 5.0 Fighting
 - Level 1.5 Dodging
 * Level 6.3 Unarmed Combat
 - Level 1.0 Spellcasting
 + Level 3.6 Shapeshifting


You had 8 spell levels left.
You didn't know any spells.
Your spell library contained the following spells:

 Spells                   Type           Power      Damage    Failure   Level
 Magic Dart               Conj           0%         1d3       45%         1
 Call Imp                 Summ           0%         N/A       61%         2
 Mephitic Cloud           Conj/Pois/Air  0%         N/A       83%         3


Dungeon Overview and Level Annotations

Branches:
Dungeon (4/15)
 Temple: D:4-7

Altars:
Fedhas


Innate Abilities, Weirdness & Mutations

You are a hulking beast.
Your limbs bulge with bestial killing power. (Slay +2)
You are too large for most types of armour.
You have claws for hands.
Your natural rate of healing is unusually fast.
You are covered in fur. (AC +1)
You have tough skin. (AC +1)


Message History

Something hits you but does no damage.
The orc priest mumbles some strange prayers to Beogh against you.
Beogh smites you!
* * * LOW HITPOINT WARNING * * *
The orc wizard gestures at you while chanting.
The puff of flame hits something!
Reactivating autopickup.
The orc priest calls upon Beogh to heal the orc wizard.
The orc wizard gestures at you while chanting.
The puff of flame hits you!
* * * LOW HITPOINT WARNING * * *
You pummel the orc wizard!!
You kill the orc wizard!
You cannot move.
You cannot move.
You cannot move.
Unknown command.
Something hits you but does no damage.
You are poisoned.
Deactivating autopickup; reactivate with Ctrl-A.
You feel very sick. Something hits you but does no damage.
You cannot move.
You cannot move.
You cannot move.
You cannot move.
Unknown command.
You feel sick. Something hits you but does no damage.
You feel less wooden.
Your +0 animal skin unmelds from your body.
You turn into a hulking beast.
You feel sick. Something hits you.
* * * LOW HITPOINT WARNING * * *
You are more poisoned.
The orc priest calls down the wrath of Beogh upon you.
Beogh smites you!
* * * LOW HITPOINT WARNING * * *
* * * LOW HITPOINT WARNING * * *
You feel very sick. Something hits you.
You die...

##.<# ###.## # #..#
####.#######
#...........
#.##..###### #.###>...
#.#####################
.................h{ooo#
#.###################.#
...# #o.o.# ...#
#....... ##.# #.#######
#.# #. #.# ## #.# #.#


You could see an orc priest and 2 orcs.

Vanquished Creatures
  Grinder (D:3)
  Sigmund (D:4)
  Edmund (D:4)
  A jelly (D:4)
  2 orc priests
  2 iguanas (D:4)
  Ijyb (D:4)
  2 orc wizards (D:4)
  A sleepcap (D:4)
  Robin (D:2)
  7 gnolls
  4 adders
  A worm (D:3)
  2 dart slugs (D:4)
  14 orcs
  6 ball pythons
  8 endoplasms
  5 giant cockroaches
  13 goblins
  7 hobgoblins
  3 jackals (D:3)
  5 kobolds
  3 quokkas
  6 bats
  3 frilled lizards (D:1)
  5 rats
105 creatures vanquished.

Vanquished Creatures (others)
  An orc wizard (D:4)
1 creature vanquished.

Grand Total: 106 creatures vanquished

Notes
Turn   | Place    | Note
-------+----------+-------------------------------------------
     0 | D:1      | zero the Troll Shapeshifter began the quest for the Orb.
     0 | D:1      | Reached XP level 1. HP: 19/19 MP: 0/0
   186 | D:1      | Reached XP level 2. HP: 28/28 MP: 1/1
   530 | D:2      | Noticed Robin
   693 | D:2      | Reached XP level 3. HP: 36/36 MP: 2/2
   712 | D:2      | Killed Robin
   875 | D:2      | Reached XP level 4. HP: 45/45 MP: 3/3
  1212 | D:3      | Found a blossoming altar of Fedhas.
  1305 | D:3      | Noticed Grinder
  1328 | D:4      | Reached XP level 5. HP: 46/55 MP: 4/4
  1445 | D:3      | Paralysed by Grinder for 3 turns
  1479 | D:3      | Paralysed by Grinder for 4 turns
  1498 | D:3      | Killed Grinder
  1499 | D:3      | Reached skill level 5 in Fighting
  1499 | D:3      | Reached skill level 3 in Unarmed Combat
  1499 | D:3      | Reached XP level 6. HP: 48/66 MP: 5/5
  1705 | D:3      | Reached skill level 4 in Unarmed Combat
  2042 | D:4      | Reached skill level 5 in Unarmed Combat
  2080 | D:4      | Reached XP level 7. HP: 71/72 MP: 6/6
  2114 | D:4      | Noticed Edmund
  2123 | D:4      | Killed Edmund
  2148 | D:4      | Noticed Sigmund
  2148 | D:4      | Noticed Ijyb
  2165 | D:4      | Killed Ijyb
  2178 | D:4      | Killed Sigmund
  2179 | D:4      | Reached skill level 6 in Unarmed Combat
  2179 | D:4      | Reached skill level 1 in Spellcasting
  2495 | D:4      | HP: 1/72 [poisoned by an orc wizard]
  2495 | D:4      | Slain by an orc wizard

Illustrated notes

Levels and vault maps discovered:
D:1:      ncdulo_lavacross, layout_basic, serial_aquarium,
          aquarium_bridge_square [aquarium_subvault_bridge,
          aquarium_subvault_window, aquarium_subvault_bridge,
          aquarium_subvault_bridge], aquarium_window_corridor_3,
          aquarium_window_1, aquarium_view_2a, aquarium_pool_corner
D:2:      layout_basic, uniq_robin
D:3:      layout_basic, fedhas_altar_4, uniq_grinder
D:4:      layout_basic, uniq_sigmund, uniq_ijyb, uniq_edmund

Skill      XL: |  1  2  3  4  5  6  7 |
---------------+----------------------+-----
Fighting       | 2 3 4 5 |  5.0
Unarmed Combat | 3 5 6 |  6.3
Spellcasting   | 1 |  1.0
Dodging        | |  1.5
Shapeshifting  | |  3.6

Action                     |  1- 3 |  4- 6 |  7- 9 || total
---------------------------+-------+-------+-------++-------
  Melee: Unarmed           |    83 |   116 |    44 ||   243
         Punch             |     1 |       |       ||     1
  Evoke: Wand              |       |       |     1 ||     1
    Use: Potion            |       |       |     1 ||     1
   Stab: Sleeping          |       |     1 |       ||     1
 Armour: Animal skin       |    40 |    22 |     8 ||    70
         Skin              |       |       |    10 ||    10
  Dodge: Dodged            |    40 |    39 |    10 ||    89

Table legend: (Time is in decaauts)
 A = Elapsed time spent in this place.
 B = Non-inter-level travel time spent in this place.
 C = Inter-level travel time spent in this place.
 D = Time resting spent in this place.
 E = Time spent auto-exploring this place.
 F = Levels seen in this place.
 G = Mean time per level.
                   A        B        C        D        E       F      G
               +--------+--------+--------+--------+--------+-----+--------+
         Total |   2480 |   2406 |     74 |    159 |   1633 |   4 |  620.0 |
       Dungeon |   2480 |   2406 |     74 |    159 |   1633 |   4 |  620.0 |
               +--------+--------+--------+--------+--------+-----+--------+

Top non-repeatable levels by time:
     D:3: 807 daAuts
     D:4: 627 daAuts
     D:2: 551 daAuts
     D:1: 493 daAuts
